Cogmind - Beta 9.6 @@@ ROGUE MODE // 2020.05.21 @ 11:01:50 Player: Pimski Result: Destroyed by 8R-AWN with 8R-AWN's Boregun Performance ------------- Evolutions (0) 0 Regions Visited (3) 600 Robots Destroyed (46) 230 Value Destroyed (595) 595 Prototype IDs (26) 520 Alien Tech Used (0) 0 Bonus (-167) -167 TOTAL SCORE: 1778 Bonus ------- Aligned with FarCom 300 Friendly Fire -467 Cogmind --------- Core Integrity 0/250 Matter 220/300 Energy 125/125 System Corruption 0% Temperature Cool (0) Movement Treading (220) Ox3 Location -10/Exiles Parts ------- > --- POWER (1) -------- Light Ion Engine > --- PROPULSION (2) --- Light Treads Armored Wheel > --- UTILITY (2) ------ High-capacity Storage Unit High-capacity Storage Unit > --- WEAPON (2) ------- Heavy Assault Rifle Heavy Assault Rifle > --- INVENTORY (20) --- Armored Wheel Armored Wheel Medium Storage Unit Medium Storage Unit Light Armor Plating Medium Armor Plating Medium Armor Plating Medium Armor Plating Medium Armor Plating Light Assault Rifle Rocket Launcher Field Lobotomy Kit Plasma Cutter Plasma Cutter Stasis Trap (100%) Stasis Trap (100%) Peak State ------------ > --- POWER ------------ Light Ion Engine > --- PROPULSION ------- Armored Wheel Armored Wheel > --- UTILITY ---------- High-capacity Storage Unit High-capacity Storage Unit > --- WEAPON ----------- Heavy Assault Rifle Heavy Assault Rifle > --- INVENTORY -------- Light Treads Armored Wheel Medium Storage Unit Medium Storage Unit High-capacity Matter Pod Light Armor Plating Medium Armor Plating Medium Armor Plating Medium Armor Plating Medium Armor Plating Light Assault Rifle Rocket Launcher Plasma Cutter Plasma Cutter Stasis Trap Stasis Trap Stasis Trap Stasis Trap [Rating: 14] Favorites ----------- Power Light Ion Engine Engine Light Ion Engine Propulsion Armored Wheel Treads Light Treads Leg Aluminum Leg Wheel Armored Wheel Utility Medium Storage Unit Storage Medium Storage Unit Weapon Heavy Assault Rifle Energy Gun Medium Laser Ballistic Gun Heavy Assault Rifle Launcher Rocket Launcher Build | -11 -10 -10 -10 ------- Run | Scr Mat Min Exi Slots Evolved . | . . . . Power . | . . . . Propulsion . | . . . . Utility . | . . . . Weapon . | . . . . Parts Attached 28 | 1 13 9 5 Power 2 | . 2 . . Engine 2 | . 2 . . Core . | . . . . Reactor . | . . . . Propulsion 8 | . 3 4 1 Treads 3 | . . 2 1 Leg . | . . . . Wheel 5 | . 3 2 . Hover . | . . . . Flight . | . . . . Utility 6 | 1 3 . 2 Device . | . . . . Storage 6 | 1 3 . 2 Processor . | . . . . Hackware . | . . . . Protection . | . . . . Artifact . | . . . . Weapon 12 | . 5 5 2 Energy Gun 1 | . 1 . . Energy Cannon . | . . . . Ballistic Gun 9 | . 4 4 1 Ballistic Cannon . | . . . . Launcher 2 | . . 1 1 Special Weapon . | . . . . Impact Weapon . | . . . . Slashing Weapon . | . . . . Piercing Weapon . | . . . . Special Melee Weapon . | . . . . Unidentified Prototypes . | . . . . Parts Lost 5 | . 1 4 . Power . | . . . . Propulsion 2 | . . 2 . Utility . | . . . . Weapon 3 | . 1 2 . Highest Loss Streak 3 | . 1 3 . Average Slot Usage (%) 99 | . 99 99 100 Engine 14 | . 14 14 14 Treads 4 | . . 14 2 Wheel 22 | . 26 14 25 Storage 28 | . 28 28 28 Energy Gun 2 | . 4 . . Ballistic Gun 25 | . 22 27 27 Naked Turns . | . . . . Heaviest Build 74 | 16 50 49 74 Greatest Support 40 | 20 24 40 24 Greatest Overweight (x) 3 | . 2 2 3 Average Overweight (x) 1 | . . 1 2 Largest Inventory Capacity 20 | 8 16 16 20 Average Capacity 14 | 6 11 16 19 Most Carried 20 | 6 16 16 20 Average Carried 13 | 6 10 15 17 Final Capacity 20 | 8 16 16 20 Final Carried 16 | 6 16 16 16 Class Distribution -------------------- 85% | Mutant 14% | Hauler-Mutant Dominant Class ---------------- Mutant | -10/Materials Mutant | -10/Mines Hauler-Mutant | -10/Exiles Resources | -11 -10 -10 -10 ----------- Run | Scr Mat Min Exi Matter Collected 1263 | 210 517 296 240 Remotely . | . . . . Salvage Created 953 | 66 651 227 9 Parts 50 | 4 34 12 . Haulers Intercepted 2 | . 2 . . Recyclers Shooed 5 | . 2 3 . Parts Field Recycled . | . . . . Retrieved Matter . | . . . . Parts Self-Destructed . | . . . . Prevented . | . . . . Kills | -11 -10 -10 -10 ------- Run | Scr Mat Min Exi Combat Hostiles Destroyed 35 | . 14 19 2 Guns 21 | . 14 7 . AOE 14 | . . 12 2 Classes Destroyed 8 | 1 5 2 . Worker 2 | . 1 1 . Hauler 2 | . 2 . . Recycler 2 | 1 1 . . Watcher 3 | . 3 . . Swarmer 9 | . 6 3 . Grunt 10 | . 8 2 . Demolisher 1 | . . 1 . Assembled 17 | . . 13 4 Best Kill Streak 12 | 1 4 12 2 Combat Bots Only 12 | . 4 12 2 Max Kills in Single Turn 4 | 1 1 4 2 Gunslinging . | . . . . Exploded 4 | . . 4 2 Melee . | . . . . Uniques/NPCs Destroyed 1 | . . . 1 EX-HEX (-10/Exiles) Combat | -11 -10 -10 -10 -------- Run | Scr Mat Min Exi Damage Taken 1484 | . 567 661 256 Core 256 | . 132 80 44 Absorbed by Shields 73 | . . . 73 Core Remaining (%) 100 | 100 . . . Volleys Fired 135 | 2 85 38 10 Largest 2 | 2 2 2 2 Hottest 90 | 90 70 46 46 Shots Fired 260 | 4 170 68 18 Gun 251 | 4 170 61 16 Cannon . | . . . . Launcher 9 | . . 7 2 Special . | . . . . Kinetic 213 | . 136 61 16 Thermal 38 | 4 34 . . Explosive 9 | . . 7 2 Electromagnetic . | . . . . Robot Hit Streak 12 | 2 12 6 12 Robot Miss Streak 4 | 2 4 4 3 Penetration Max . | . . . . Secondary Targets 2 | . 1 1 . Max Gunslinging Chain 1 | . 1 1 . Shots Hit Robots 170 | 2 115 39 14 Core Hits 87 | 2 32 40 13 Critical Hits 2 | . 2 . . Critical Kills . | . . . . Critical Parts Destroyed 2 | . 2 . . Melee Attacks . | . . . . Impact . | . . . . Slashing . | . . . . Piercing . | . . . . Sneak Attacks . | . . . . Combat Hostiles . | . . . . Follow-up Attacks . | . . . . Damage Inflicted 3440 | 24 1486 1306 624 Guns 2241 | 24 1472 541 204 Cannons . | . . . . Explosions 1139 | . . 719 420 Melee . | . . . . Ramming 60 | . 14 46 . Kinetic 1901 | . 1156 541 204 Thermal 340 | 24 316 . . Explosive 1139 | . . 719 420 Electromagnetic . | . . . . Impact . | . . . . Slashing . | . . . . Piercing . | . . . . Highest Corruption . | . . . . Average Corruption . | . . . . Corruption Purged . | . . . . Overload Shots . | . . . . Overflow Damage 29 | . . 8 21 Projectiles . | . . . . Explosions 29 | . . 8 21 Melee . | . . . . Knockbacks . | . . . . Impact . | . . . . Kinetic . | . . . . Secondary . | . . . . Self-Inflicted Damage 92 | . 7 85 . Shots 3 | . . 3 . Rammed 10 | . 1 9 . Targets Rammed 10 | . 1 9 . Kicked . | . . . . Crushed . | . . . . Highest Temperature 195 | 60 195 15 . Average Temperature 56 | 30 60 7 . Received Heat Transfer 302 | . 240 56 6 Siege Activations . | . . . . Robots Corrupted . | . . . . Combat Hostiles . | . . . . Parts Fried . | . . . . Impact Corruptions . | . . . . Robots Melted . | . . . . Combat Hostiles . | . . . . Parts Melted . | . . . . Heat Transferred 927 | 62 865 . . Parts Sabotaged . | . . . . Parts Stolen . | . . . . Parts Stripped . | . . . . Power Chain Reactions . | . . . . Missiles Intercepted . | . . . . Alert | -11 -10 -10 -10 ------- Run | Scr Mat Min Exi Peak Influence 296 | 5 296 221 . Average Influence 94 | 4 99 87 . Maximum Alert Level 1 | . 1 1 . Low Security (%) 90 | 100 86 96 . Level 1 9 | . 13 3 . Level 2 . | . . . . Level 3 . | . . . . Level 4 . | . . . . Level 5 . | . . . . High Security . | . . . . Max Security . | . . . . Squads Dispatched 3 | . 3 . . Investigation 1 | . 1 . . Extermination . | . . . . Reinforcement 2 | . 2 . . Assault . | . . . . Garrison . | . . . . Intercept . | . . . . Construction Impeded . | . . . . Haulers Reinforced . | . . . . Stealth | -11 -10 -10 -10 --------- Run | Scr Mat Min Exi Distress Signals 2 | . 1 1 . Communications Jammed . | . . . . Distress Signals . | . . . . Times Spotted 59 | . 28 25 6 Peak Tracking Total 9 | . 5 9 7 Tactical Retreats 1 | . 1 . . Traps | -11 -10 -10 -10 ------- Run | Scr Mat Min Exi Traps Triggered 2 | . 1 . 1 Indirectly . | . . . . Trap Hack Attempts . | . . . . Triggered . | . . . . Disarmed . | . . . . Reprogrammed . | . . . . Reused . | . . . . Traps Extracted . | . . . . Installed 2 | . . . 2 Triggered . | . . . . Machines | -11 -10 -10 -10 ---------- Run | Scr Mat Min Exi Machines Disabled 5 | . 2 . 3 Max in Single Turn 2 | . 1 . 2 Machines Sabotaged . | . . . . Garrisons Compromised . | . . . . Overloaded Fab Kills . | . . . . Fab Network Shutdowns . | . . . . Hacking | -11 -10 -10 -10 --------- Run | Scr Mat Min Exi Machines Accessed 11 | . 9 . 2 Terminals 7 | . 7 . . Fabricators . | . . . . Repair Stations 1 | . 1 . . Recycling Units 1 | . 1 . . Scanalyzers . | . . . . Garrison Access . | . . . . Total Hacks 27 | . 25 . 2 Successful 20 | . 18 . 2 Failed 7 | . 7 . . Catastrophic 2 | . 2 . . Database Lockouts . | . . . . Manual 14 | . 13 . 1 Terminals 20 | . 20 . . Fabricators . | . . . . Repair Stations 2 | . 2 . . Recycling Units 3 | . 3 . . Scanalyzers . | . . . . Garrison Access . | . . . . Terminal Hacks 14 | . 12 . 2 Record 1 | . . . 1 Robot Analysis 2 | . 2 . . Prototype ID Bank 2 | . 2 . . Branch Access Points 1 | . 1 . . Terminal Index 1 | . 1 . . Locate Traps 2 | . 2 . . Registered Components 2 | . 2 . . Zone Layout 2 | . 2 . . EX-Prototype ID Bank 1 | . . . 1 Fabricator Hacks . | . . . . Repair Station Hacks 2 | . 2 . . Scan Component 1 | . 1 . . Repair 1 | . 1 . . Recycling Unit Hacks 1 | . 1 . . Retrieve Components 1 | . 1 . . Scanalyzer . | . . . . Garrison Access Hacks . | . . . . Unauthorized Hacks 3 | . 3 . . Terminals 2 | . 2 . . Botnet 2 | . 2 . . Fabricators . | . . . . Repair Stations . | . . . . Recycling Units 1 | . 1 . . Mask 1 | . 1 . . Scanalyzers . | . . . . Garrison Access . | . . . . Data Cores Recovered . | . . . . Used . | . . . . Hacking Detections 8 | . 8 . . Full Trace Events . | . . . . Feedback Events . | . . . . Feedback Blocked . | . . . . Robot Schematics Acquired . | . . . . Robots Built . | . . . . Matter . | . . . . Time . | . . . . Total Robot Build Rating . | . . . . Part Schematics Acquired . | . . . . Parts Built . | . . . . Matter . | . . . . Time . | . . . . Total Part Build Rating . | . . . . Parts Repaired 1 | . 1 . . Time 26 | . 26 . . Parts Recycled . | . . . . Recycled Matter . | . . . . Retrieved Matter . | . . . . Retrieved Components 1 | . 1 . . Parts Scanalyzed . | . . . . Part Schematics Acquired . | . . . . Parts Damaged . | . . . . Bothacking | -11 -10 -10 -10 ------------ Run | Scr Mat Min Exi Used RIF Installer . | . . . . Robots Hacked . | . . . . Non-combat . | . . . . Combat . | . . . . Robot Hacks Applied . | . . . . Relay Couplers Released . | . . . . Robots Rewired . | . . . . Allies Hacked . | . . . . Hacks Repelled . | . . . . Allies | -11 -10 -10 -10 -------- Run | Scr Mat Min Exi Total Allies 3 | . . 3 . Largest Group 3 | . . 3 3 Highest-Rated Group 40 | . . 40 40 Highest-Rated Ally 16 | . . 16 16 Total Orders 4 | . . . 4 GOTO 4 | . . . 4 Ally Attacks 16 | . . . 16 Total Damage 130 | . . . 130 Kills 4 | . . . 4 Allies Corrupted . | . . . . Allies Melted . | . . . . Intel | -11 -10 -10 -10 ------- Run | Scr Mat Min Exi Robot Analysis Total 2 | . 2 . . Derelict Logs Recovered 1 | . . 1 . Drone Launches . | . . . . Drone Recoveries . | . . . . Exploration | -11 -10 -10 -10 ------------- Run | Scr Mat Min Exi Turns Passed 2449 | 15 1236 762 436 Spaces Moved 1604 | 7 836 463 298 Core . | . . . . Treads 148 | . . 146 2 Legs 55 | 7 48 . . Wheels 1401 | . 788 317 296 Hover . | . . . . Flight . | . . . . Fastest Speed 90 | 120 90 100 110 Average Speed 111 | 120 98 131 117 Slowest Speed 220 | 120 120 180 220 Overloaded Moves . | . . . . Propulsion Burnouts . | . . . . Robots Hopped . | . . . . Cave-ins Triggered . | . . . . Exploration Rate (%) 55 | 3 79 83 55 Regions Visited 3 Branch Regions 2 Pre-discovered Areas 2 | . . 1 1 Known Exits Taken 1 | . 1 . . Unknown Exits Taken 2 | 1 . 1 . Scrap Searched 1 | . . 1 . Spaces Dug 17 | . . 17 . Terrain Destroyed 64 | . . 56 8 Melee . | . . . . Projectile . | . . . . AOE 64 | . . 56 8 Actions | -11 -10 -10 -10 --------- Run | Scr Mat Min Exi Total 1999 | 9 1085 539 366 Wait 172 | . 119 13 40 Move 1601 | 6 835 462 298 Hop . | . . . . Pick Up 29 | . 18 6 5 Fast Attach 5 | 1 4 . . Attach 7 | . 3 4 . Detach . | . . . . Swap 16 | . 6 5 5 Drop 22 | . 14 2 6 Fire 135 | 2 85 38 10 Melee . | . . . . Ram 1 | . 1 . . Kick . | . . . . Crush 9 | . . 9 . Escape Stasis . | . . . . Rewire . | . . . . Trap 2 | . . . 2 Miscellaneous . | . . . . Route ------- -11/Scrapyard -10/Materials (discovered 4 exits: [*Mat x2] / *Min x2) -10/Mines (discovered 2 exits: [*Mat] / *Exi) -10/Exiles History --------- Turn | Location | Event 7 | -11/Scrapyard | Discovered new exit (range 3) 16 | -11/Scrapyard | Entered Materials 110 | -10/Materials | Identified exit to Mines 142 | -10/Materials | Discovered new exit (range 3) 303 | -10/Materials | Build established: Mutant 421 | -10/Materials | Repaired Assault Rifle 935 | -10/Materials | Discovered new exit (range 13) 1141 | -10/Materials | Core integrity fell below 50% 1252 | -10/Materials | Entered Mines 1329 | -10/Mines | Discovered new exit (range 9) 1581 | -10/Mines | Assembled infested the area 1639 | -10/Mines | Destroyed 12 combat bots 1673 | -10/Mines | Core integrity fell below 20% 1675 | -10/Mines | Lost 3 parts (2n1w) 1685 | -10/Mines | Received a Rocket Launcher from a helpful Derelict 1708 | -10/Mines | Found a hidden stash of uninstalled traps 1760 | -10/Mines | Learned location of Storage (-8) 1959 | -10/Mines | Assisted by bots powering up and referring to "LRC-V3" 1991 | -10/Mines | Learned 8 Materials zone layouts 2004 | -10/Mines | Deemed a non-threat by the Exiles lab entrance 2004 | -10/Mines | Discovered new exit (range 5) 2014 | -10/Mines | Entered Exiles 2014 | -10/Exiles | Accompanied by 3 allies 2041 | -10/Exiles | Met 8R-AWN 2060 | -10/Exiles | Met EX-HEX 2206 | -10/Exiles | Met EX-DEC 2212 | -10/Exiles | Learned location of Zion (-7) 2231 | -10/Exiles | Met EX-BIN 2248 | -10/Exiles | Aligned with FarCom system 2249 | -10/Exiles | Given EX-Vault access code 2277 | -10/Exiles | Opened EX-Vault 2289 | -10/Exiles | Found Field Lobotomy Kit 2314 | -10/Exiles | Warned to stay clear of 0b10 Research branches 2401 | -10/Exiles | Attacked by the Exiles 2404 | -10/Exiles | Allies destroyed EX-HEX 2425 | -10/Exiles | Build established: Hauler-Mutant 2450 | -10/Exiles | Destroyed by 8R-AWN with 8R-AWN's Boregun Last Messages --------------- 02425_ HV Slug penetrates Assembled Analyzer. 02425_ Penetrated by HV Slug. 02425_ HV Slug penetrates Assembled Analyzer. 02425_ Assembled Analyzer disabled. 02427_ Penetrated by HV Slug. 02427_ HV Slug penetrates Assembled Analyzer. 02427_ Penetrated by HV Slug. 02427_ HV Slug penetrates Assembled Analyzer. 02430_ Penetrated by HV Slug. 02439_ HV Slug penetrates Wall. 02441_ Penetrated by HV Slug. 02443_ HV Slug penetrates Wall. 02443_ Penetrated by HV Slug. 02444_ The unstable cave ceiling collapses. 02445_ Penetrated by HV Slug. 02445_ Stasis field depleted. 02448_ Penetrated by HV Slug. 02449_ Dropped Stasis Trap. 02449_ Installed Stasis Trap. 02450_ Penetrated by HV Slug. Map ----- +----------------------------------------------------+ | """#???????????????????????????????????? | | """#???????????????????????????????????? | | """#???????????????????????????????????? | | """##??????????????????????????????????? | | """""??????????????????????????????????? | | """##??????????????????????????????????? | | "X" """""??????????????????????????????????? | | """ #???????????????????????????????????? | | """""""""#???????????????????????????????????? | | ###########???????????????????????????????????? | | #?????????????????????????????????????????????? | | #?????????????????????????????????????????????? | | ##????????????????????????????????????????????? | | ##???###########?????????????????????????????? | | #####"""" """"##????????????????????????????? | | " """ """"##???????????????????????????? | | "" " #???????????????????????????? | | " """#???????????????????????????? | | a"#???????????#####???????????? | | " "##?????????##" #???????????? | | "###???????#" #???????????? | | " !!! ""#??????##" ##??????????? | | """ !!%!! "#????### ###????????# | | ####""" *!! ##???# ########## | | ???##""" *% !!##### #""""## | | ????#"""" ! =%! [!@;## * | | ???##"" =%*g ## * | | ####"""" #### | | #""" ""#?#"""""#### | | "" #"""##?#######??#### | | ######??????????????### | | ##?????????????????????? | | " ##??????????????????????? | | "" "" "#???????????????????????? | | ##""" " " ""# % %"##???????????????????????? | | ######""" """# "##????????????????????????? | | #????###""""### # ##?????????????????????????? | | ####???######??######???????????????????????????? | | "!#????????????????????????????????????????????? | | !#????????????????????????????????????????????? | | "#????????????????????????????????????????????? | | "" "#????????????????????????????????????????????? | | #####????????????????????????????????????????????? | | ?????????????????????????????????????????????????? | | ?????????????????????????????????????????????????? | | ?????????????????????????????????????????????????? | | ?????????????????????????????????????????????????? | | ?????????????????????????????????????????????????? | | ?????????????????????????????????????????????????? | | ?????????????????????????????????????????????????? | +----------------------------------------------------+ Best States ------------- Heat Dissipation 25 Energy Generation 10 Energy Capacity 250 Matter Stores 300 Matter Capacity 300 Sight Range 16 Terrain Scan Density 10 Evasion (%) 42 Recoil Reduction 2 Item Schematics ----------------- None Robot Schematics ------------------ None Fabricated ------------ Nothing Alien Tech Used ----------------- None Achievements -------------- None Challenges ------------ None Game ------ Seed EtherialMetafieldLeg Manual? 0 Play Time 00:22:47 Cumulative 691.2 hours Start 2020.05.21 @ 10:42:03 End 2020.05.21 @ 11:01:50 Sessions 1 Manual Loads 0 Difficulty Rogue Special Mode None Game No. 437 Rogue 437 Adventurer 0 Explorer 0 Win Type - Total 106 Types 72/6/8/10/5/1/4 Lore% 97 Gallery% 95 Achievement% 80 Wizard Run 0 Options --------- ASCII 0 Keyboard 0 Movement Numpad Keybinds 0 Fullscreen 2 Font 18/SmallcapsGlow Map View 76x50 Tactical HUD 1 Map Filters NONE Filters NONE Steam 1 RUN: f483c893-9eb1-4310-98a1-41f35f859d3b